AoeStats
← Carple

Migration

505563159Analyzed
1v1 RM · 23d ago on Sep 10, 2026· 40m 31s· 2 players
Game mode
Random Map
Map size
132×132
Population
200
Speed
Normal
Resources
Standard
Victory
Conquest
Starting age
Dark Age
Ending age
Imperial Age
RankedLock teamsTeams togetherTeam positionsShared explorationLock speedFull tech treeHidden civsTurbo modeCheats
Victory
Defeat
🇨🇦 Spanish · Canada
1268
+15
🇦🇷 Chinese · Argentina
1244
-15
FORSETI
0:30 Loom
10:04 Feudal Age
11:17 Double-Bit Axe
13:13 Wheelbarrow
13:16 Town Watch
16:21 Fishing Lines
19:27 Castle Age
24:03 Imperial Age
23:22 Fletching
26:33 Ballistics
29:45 Bodkin Arrow
30:56 Bracer
35:36 Padded Archer Armor
37:39 Leather Archer Armor
41:07 Chemistry
Carple
8:17 Loom
13:18 Feudal Age
14:31 Double-Bit Axe
15:26 Fishing Lines
18:30 Castle Age
17:54 Forging
17:35 Fletching
18:51 Bloodlines
19:25 Medium Warships
19:11 Gillnets
21:39 Scale Barding Armor
23:10 Iron Casting
23:29 Horse Collar
24:59 Husbandry
25:43 Elite Skirmisher
28:32 Wheelbarrow
30:49 Squires
31:37 Bow Saw
31:29 Heavy Plow
31:38 Padded Archer Armor
31:57 Town Watch
33:22 Bodkin Arrow
37:03 Imperial Age
35:09 Ballistics
35:28 Stone Mining
35:30 Gold Mining
36:48 Chain Barding Armor
36:44 Leather Archer Armor
37:27 Cavalier
40:24 Chemistry
Connection lost

Rejoining the realm…

Still unreachable

The connection could not be restored.

Session expired

The server has moved on; the page needs a fresh start.